 Dungeon Crawl Stone Soup version 0.21-a0-155-gb8a8bae (webtiles) character file.

229 Ordine the Magician (level 5, 0/22 HPs)
             Began as a Deep Elf Wizard on Aug 3, 2017.
             Slain by a bullfrog (7 damage)
             ... in a sewer.
             The game lasted 00:08:36 (3655 turns).

Ordine the Magician (Deep Elf Wizard)               Turns: 3655, Time: 00:08:36

Health: 0/22       AC:  6    Str:  4    XL:     5   Next: 71%
Magic:  5/15       EV: 13    Int: 24    God:
Gold:   95         SH:  0    Dex: 13    Spells: 6/15 levels left

rFire    . . .     SeeInvis .   l - +0 dagger (curse)
rCold    . . .     Gourm    .   (no shield)
rNeg     . . .     Faith    .   a - +0 robe
rPois    .         Spirit   .   b - +1 hat
rElec    .         Reflect  .   (no cloak)
rCorr    .         Harm     .   k - +2 pair of gloves
MR       .....                  (no boots)
Stlth    +.........             (no amulet)
HPRegen  0.07/turn              (no ring)
MPRegen  0.14/turn              (no ring)

@: very slow
A: antennae 1, frail 2, MP-powered wands
a: no special abilities


You were in a sewer.
You were not hungry.

You visited 1 branch of the dungeon, and saw 3 of its levels.
You also visited: Sewer.

You collected 95 gold pieces.

Inventory:

Hand Weapons
 l - a cursed +0 dagger (weapon)
Armour
 a - a +0 robe (worn)
 b - a +1 hat (worn)
 h - a +0 buckler
 k - a +2 pair of gloves (worn)
Scrolls
 j - a scroll of fog
 m - a scroll of recharging
Potions
 e - 2 potions of magic
 i - a potion of curing
Books
 c - a book of Minor Magic

   Spells                             Type                      Level
   a - Magic Dart                     Conjuration                  1
   b - Blink                          Translocation                2
   c - Call Imp                       Summoning                    2
   d - Slow                           Hexes                        2
   e - Conjure Flame                  Conjuration/Fire             3
   f - Mephitic Cloud                 Conjuration/Poison/Air       3
Comestibles
 d - 2 bread rations
 f - a royal jelly


   Skills:
 + Level 3.4 Dodging
 + Level 3.8 Stealth
 * Level 1.3 Shields
 + Level 5.5 Spellcasting
 + Level 2.6 Conjurations
   Level 1.1 Summonings
 - Level 2.0 Translocations
 + Level 1.2 Fire Magic
 + Level 1.2 Air Magic


You had 6 spell levels left.
You knew the following spells:

 Your Spells              Type           Power        Failure   Level  Hunger
a - Magic Dart            Conj           ###.         2%          1    None
b - Blink                 Tloc           N/A          5%          2    None
c - Conjure Flame         Conj/Fire      ###.....     12%         3    #......
d - Mephitic Cloud        Conj/Pois/Air  ##......     14%         3    #......


Dungeon Overview and Level Annotations

Branches:
Dungeon (3/15)

Altars:
Trog


Innate Abilities, Weirdness & Mutations

You have a pair of small antennae on your head.
You are very frail. (-20% HP)
You expend magic power (3 MP) to strengthen your wands.


Message History

The adder bites you. The adder bites you but does no damage.
The ball python barely misses you. The ball python grabs you.
The ball python constricts you. The adder bites you.
The ball python closely misses you. The bullfrog hits you.
Unknown command.
Casting: Blink
Confirm with . or Enter, or press ? or * to list all spells.
You escape the ball python's grasp.
You blink.
Splash!
The adder bites you.
Unknown command.
Casting: Blink
Confirm with . or Enter, or press ? or * to list all spells.
Aiming: Magic Dart
Press: ? - help, Shift-Dir - straight line, f/p - adder
Aim: an adder (black smoke, water, almost dead)
The magic dart hits the adder.
You kill the adder!
The adder bites you. The bullfrog hits you!
You die...

#..'....# #..#....#
####...## #+#
##################....#
##...#≈≈≈≈§≈≈≈≈≈≈≈≈≈≈......#
#....≈S≈≈§§§§≈≈≈≈≈≈≈≈≈....##
...#§SS§§S§§§≈≈≈≈≈.....#
#.....F≈S§S§SF#§§≈≈≈≈≈....#
#.....≈≈≈≈#≈SS@≈§≈≈≈≈....##
##...#≈≈≈≈≈§§S§§§≈≈≈≈#.###
#######################


You could see a bullfrog, 2 adders and 3 ball pythons.

Vanquished Creatures
  6 adders
  6 river rats (Sewer)
  3 oozes
  4 worms (D:2)
  A dart slug (D:1)
  3 leopard geckos (D:3)
  5 ball pythons
  4 giant cockroaches (D:3)
  10 goblins
  9 hobgoblins
  6 jackals (D:1)
  6 bats
  6 frilled lizards
  7 kobolds
  25 rats
101 creatures vanquished.

Notes
Turn   | Place    | Note
-------+----------+-------------------------------------------
     0 | D:1      | Ordine the Deep Elf Wizard began the quest for the Orb.
     0 | D:1      | Reached XP level 1. HP: 10/10 MP: 7/7
   152 | D:1      | Reached XP level 2. HP: 15/15 MP: 3/9
   202 | D:1      | Learned a level 2 spell: Blink
   705 | D:1      | Reached XP level 3. HP: 19/19 MP: 8/11
   883 | D:1      | Learned a level 3 spell: Conjure Flame
   887 | D:1      | Learned a level 3 spell: Mephitic Cloud
  1103 | D:1      | Reached skill level 5 in Spellcasting
  1887 | D:2      | Found a bloodstained altar of Trog.
  1957 | D:2      | Reached XP level 4. HP: 21/24 MP: 7/13
  2608 | D:3      | Found a glowing drain.
  2617 | Sewer    | Entered a sewer
  3045 | Sewer    | Gained mutation: You are frail. (-10% HP) [potion of mutation]
  3045 | Sewer    | Gained mutation: You are very frail. (-20% HP) [potion of mutation]
  3045 | Sewer    | Gained mutation: You expend magic power (3 MP) to strengthen your wands. [potion of mutation]
  3045 | Sewer    | Gained mutation: You have a pair of small antennae on your head. [potion of mutation]
  3048 | Sewer    | Reached XP level 5. HP: 21/22 MP: 4/14
  3051 | Sewer    | Reached skill level 1 in Shields
  3200 | Sewer    | Reached skill level 1 in Fire Magic
  3289 | Sewer    | Reached skill level 1 in Air Magic
  3655 | Sewer    | Slain by a bullfrog

Vault maps used:
D:1:      dpeg_arrival_arbitrary_c, minmay_pentomino_v2
D:2:      lightli_temple_of_fire, minmay_stone_trees_medium, minivault_14,
          hangedman_decor_clover_reticule
D:3:      xom_butterflies, makhleb_blood_cavern_becter, old_standard_altar,
          gup_sewer_entry_pipe
Sewer:    sewer_minmay_w

Skill      XL: |  1  2  3  4  5 |
---------------+----------------+-----
Stealth        | 3 |  3.8
Spellcasting   | 5 |  5.5
Conjurations   | 2 |  2.6
Dodging        | 3 |  3.4
Translocations | 2 |  2.0
Shields        | 1 |  1.3
Fire Magic     | 1 |  1.2
Air Magic      | 1 |  1.2
Summonings     | |  1.1

Action                   |  1- 3 |  4- 6 || total
-------------------------+-------+-------++-------
Melee: Unarmed           |    11 |       ||    11
       Dagger            |       |    30 ||    30
 Cast: Magic Dart        |   123 |   141 ||   264
       Blink             |       |     3 ||     3
  Use: Potion            |     2 |     4 ||     6
       Scroll            |     5 |     4 ||     9
  Eat: Chunk             |     3 |     5 ||     8
Armor: Robe              |    10 |    31 ||    41
Dodge: Dodged            |    31 |    87 ||   118
